 Dungeon Crawl Stone Soup version 0.26.0-7-g794d0892b4 (webtiles) character file.

Game seed: 1284375242961738933

165893 Gauvater the Warrior (level 18, -1/158 HPs)
             Began as a Formicid Fighter on Jan 11, 2021.
             Was the Champion of Nemelex Xobeh.
             Slain by a nine-headed hydra (9 damage)
             ... called by a spriggan druid
             ... on level 1 of the Swamp.
             The game lasted 05:04:13 (33586 turns).

Gauvater the Warrior (Formicid Fighter)            Turns: 33586, Time: 05:04:25

Health: -1/158     AC: 32    Str: 33    XL:     18   Next: 52%
Magic:  27/32      EV: 13    Int: 14    God:    Nemelex Xobeh [******]
Gold:   351        SH: 18    Dex: 10    Spells: 32/37 levels left

rFire    + . .     SeeInvis +   G - +4 war axe (vamp)
rCold    . . .     Faith    +   b - +5 kite shield of Ru's Wrath {rPois Will+ Int+4}
rNeg     + . .     Spirit   .   B - +7 plate armour {rF+}
rPois    +         Reflect  .   (helmet unavailable)
rElec    .         Harm     .   A - +2 cloak
rCorr    +         Rampage  .   U - +2 pair of gloves of Aqoily {Will++ Regen+}
Will     ++++.                  v - +2 pair of boots
Stlth    ..........             M - amulet of faith
HPRegen  0.76/turn              p - +6 ring of strength
MPRegen  0.23/turn              l - ring "Meyf" {rN+ rCorr}

@: mighty, studying 3 skills
A: permanent stasis, dig shafts and tunnels, four strong arms, antennae 3
a: Dig, Shaft Self, Renounce Religion, Draw Escape, Draw Destruction, Draw
Summoning, Triple Draw, Deal Four, Stack Five


You were on level 1 of the Swamp.
You worshipped Nemelex Xobeh.
Nemelex Xobeh was exalted by your worship.
You visited 6 branches of the dungeon, and saw 27 of its levels.
You visited 1 bazaar.
You also visited: Ice Cave.

You collected 2730 gold pieces.
You spent 2379 gold pieces at shops.

Inventory:

Hand Weapons
 f - a +2 vorpal shortbow
 u - a +7 dire flail of holy wrath
 z - the +6 war axe of Exquisite Torment {freeze, rF++ Int+5 Stlth-}
   (You found it on level 5 of the Lair of Beasts)

   It has been specially enchanted to freeze those struck by it, causing extra
   injury to most foes and up to half again as much damage against particularly
   susceptible opponents.
   It can also slow down cold-blooded creatures.
   It affects your intelligence (+5).
   It greatly protects you from fire.
   It makes you less stealthy.
 G - a +4 vampiric war axe (weapon)
 L - a +5 antimagic bardiche
 P - a +10 dagger
Missiles
 g - 77 poisoned darts
 j - 748 arrows
 n - 21 boomerangs (quivered)
Armour
 b - the +5 kite shield of Ru's Wrath (worn) {rPois Will+ Int+4}
   (You bought it in a shop on level 2 of the Orcish Mines)

   It affects your intelligence (+4).
   It protects you from poison.
   It affects your willpower, your defense against some magical effects.
 v - a +2 pair of boots (worn)
 A - a +2 cloak (worn)
 B - a +7 plate armour of fire resistance (worn)
 U - the +2 pair of gloves of Aqoily (worn) {Will++ Regen+}
   (You found it on level 8 of the Dungeon)

   It affects your willpower, your defense against some magical effects.
   It increases your rate of regeneration.
Jewellery
 l - the ring "Meyf" (right hand) {rN+ rCorr}
   (You found it on level 3 of the Lair of Beasts)

   [ring of resist corrosion]

   It protects you from negative energy.
   It provides partial protection from all sources of acid and corrosion.
 m - an uncursed ring of ice {unknown}
 p - a +6 ring of strength (left hand)
 M - an amulet of faith (around neck)
 N - an uncursed ring of protection from cold
 Q - an uncursed ring of positive energy
 V - an uncursed ring of protection from fire
Wands
 e - a wand of iceblast (21)
 E - a wand of polymorph (6)
 F - a wand of paralysis (3)
 H - a wand of enslavement (7)
 I - a wand of disintegration (10)
 R - a wand of acid (12)
Scrolls
 a - 2 scrolls of fear
 i - a scroll of fog
 s - 2 scrolls of magic mapping
 J - 10 scrolls of remove curse
 K - a scroll of brand weapon
 S - 3 scrolls of immolation
 Y - 5 scrolls of identify
Potions
 c - a potion of lignification
 d - 2 potions of resistance
 h - a potion of cancellation
 k - 11 potions of curing
 O - a potion of ambrosia
 X - a potion of might
Books
 t - a manual of Spellcasting
 y - a manual of Hexes
 Z - a manual of Polearms
Miscellaneous
 r - a phial of floods
 x - a box of beasts


   Skills:
 + Level 18.5 Fighting
 - Level 1.3 Long Blades
 + Level 15.4(15.5) Axes
 - Level 0.9(10.4) Maces & Flails
 - Level 3.3(10.9) Polearms
 - Level 0.3 Bows
 - Level 6.6 Throwing
 - Level 10.5 Armour
 * Level 10.7 Dodging
 - Level 2.1 Stealth
 + Level 9.6 Shields
 - Level 10.4 Spellcasting
 - Level 8.6 Hexes
 * Level 9.5 Invocations
 - Level 0.1 Evocations


You had 32 spell levels left.
You knew the following spells:

 Your Spells              Type           Power        Failure   Level
a - Tukima's Dance        Hex            31%          4%          3
b - Ensorcelled Hibernat  Hex/Ice        38%          16%         2

Your spell library contained the following spells:

 Spells                   Type           Power        Failure   Level
 Corona                   Hex            34%          1%          1
 Slow                     Hex            31%          2%          2
 Confusing Touch          Hex            31%          4%          3
 Cause Fear               Hex            15%          17%         4
 Dazzling Flash           Conj/Hex       38%          30%         3
 Summon Guardian Golem    Hex/Summ       19%          30%         3
 Animate Skeleton         Necr           14%          52%         1
 Apportation              Tloc           14%          52%         1
 Freeze                   Ice            28%          52%         1
 Magic Dart               Conj           28%          52%         1
 Sting                    Tmut/Pois      28%          52%         1
 Summon Small Mammal      Summ           28%          52%         1
 Call Imp                 Summ           7%           65%         2
 Corpse Rot               Necr/Air       N/A          65%         2
 Poisonous Vapours        Pois/Air       14%          65%         2
 Searing Ray              Conj           14%          65%         2
 Sublimation of Blood     Necr           3%           65%         2
 Fulminant Prism          Conj/Hex       9%           69%         4
 Call Canine Familiar     Summ           7%           87%         3
 Conjure Flame            Conj/Fire      7%           87%         3
 Frozen Ramparts          Ice            14%          87%         3
 Ignite Poison            Fire/Tmut/Pois 7%           87%         3
 Mephitic Cloud           Conj/Pois/Air  7%           87%         3
 Ozocubu's Armour         Ice            7%           87%         3
 Silence                  Hex/Air        9%           95%         5
 Yara's Violent Unravell  Hex/Tmut       9%           95%         5
 Dispel Undead            Necr           7%           99%         4
 Hailstorm                Conj/Ice       7%           99%         4
 Iskenderun's Mystic Bla  Conj/Tloc      7%           99%         4
 Olgreb's Toxic Radiance  Pois           7%           99%         4
 Summon Ice Beast         Ice/Summ       7%           99%         4
 Summon Lightning Spire   Summ/Air       7%           99%         4
 Agony                    Necr           7%           100%        5
 Excruciating Wounds      Necr           3%           100%        5
 Discord                  Hex            15%          100%        8
 Blink                    Tloc           Unusable     N/A         2

Dungeon Overview and Level Annotations

Branches:
Dungeon (14/15)            Temple (1/1) D:5            Lair (6/6) D:8
  Swamp (1/4) Lair:3       Spider (0/4) Lair:4        Slime (0/5) Lair:6
    Orc (2/2) D:10            Elf (3/3) Orc:2         IceCv (visited)
 Vaults: D:13-14

Altars:
Ashenzari
Cheibriados
Dithmenos
Elyvilon
Fedhas
Gozag
Hepliaklqana
Kikubaaqudgha
Makhleb
Nemelex Xobeh
Okawaru
Qazlal
Ru
Sif Muna
Trog
Uskayaw
Vehumet
Wu Jian
Xom
Yredelemnul
Zin

Shops:
D:4 :   D:8 }   D:9 (   Orc:1 *   Orc:2 *[(*[   Elf:1 [   Elf:2 :   Elf:3 }

Annotations:
D:6 2 transporters, mokwee's ghost, novice MiFi
D:12 exclusion: obsidian statue
Lair:4 2 transporters, dracos369's ghost, journeyman OgCK
Lair:5 3 runed translucent doors, kalagan's ghost, journeyman GrEE


Innate Abilities, Weirdness & Mutations

You cannot be hasted, slowed, berserked, paralysed or teleported.
You can dig through walls and to a lower floor.
Your four strong arms can wield two-handed weapons with a shield.
You have a pair of large antennae on your head. (SInv)


Message History

The nine-headed hydra bites you!
* * * LOW HITPOINT WARNING * * *
The nine-headed hydra bites you.
* * * LOW HITPOINT WARNING * * *
The nine-headed hydra bites you.
* * * LOW HITPOINT WARNING * * *
The nine-headed hydra misses you. The spriggan rider misses you.
You slice the tyrant leech!!
You kill the tyrant leech!
You barely miss the nine-headed hydra.
You block the nine-headed hydra's attack.
The nine-headed hydra bites you but does no damage.
The nine-headed hydra bites you!
* * * LOW HITPOINT WARNING * * *
The nine-headed hydra bites you!
* * * LOW HITPOINT WARNING * * *
You block the nine-headed hydra's attack.
The nine-headed hydra bites you!
You die...
Your body glows with a rainbow of weird colours and disappears.

♣.♣♣ ♣.♣ ♣♣..♣♣♣
♣♣♣..♣
♣♣≈....♣♣♣..♣.♣
♣♣.≈≈.≈≈.>.....♣
♣♣...≈...♣≈≈....♣
♣...≈≈≈≈≈≈≈.≈≈≈≈♣♣
..♣≈≈....≈≈..≈†≈.♣♣
..♣
♣.≈.♣♣♣♣♣.♣♣♣♣≈...♣
♣..♣ ♣.≈§......♣
♣§≈.@♣♣♣≈≈.♣
.≈≈♣(♣≈≈≈≈♣
♣♣iD≈♣♣..≈≈♣
≈≈.≈.>≈≈.≈
♣yi♣i..≈≈.♣
§≈.≈≈≈....
♣♣.≈..≈≈..♣
...≈≈≈§..♣
♣(†≈≈....♣
...≈≈♣≈.♣.
♣♣†♣≈≈§♣.
≈.♣♣.≈≈.♣{
♣≈.≈....♣ ♣♣♣
≈≈≈§.. [≈§≈.≈≈.♣ ♣
♣...≈≈ ♣♣..≈.≈≈.♣


You could see a nine-headed hydra (strong), 3 spriggan riders and a vampire
mosquito (slow).

Vanquished Creatures
  A deep elf blademaster (Elf:3)
  A deep elf master archer (Elf:3)
  A storm dragon (Elf:3)
  Kirke (Lair:5)
  An azure jelly (Elf:2)
  An orc warlord (Orc:2)
  A stone giant (Elf:3)
  A deep elf demonologist (Elf:3)
  Azrael (D:13)
  A dire elephant (Lair:6)
  2 deep elf annihilators (Elf:3)
  A bunyip (Swamp:1)
  Snorg (D:10)
  A fire dragon (Lair:6)
  2 eleionomae (Swamp:1)
  2 deep elf death magi (Elf:3)
  A deep elf high priest (Elf:3)
  Josephine (Lair:5)
  2 ice dragons
  3 boulder beetles
  7 hydras
  Erica (D:9)
  9 two-headed ogres
  32 dancing weapons
  An alligator (Swamp:1)
  An alligator snapping turtle (Elf:3)
  6 death yaks (Lair:3)
  A tengu warrior (D:12)
  2 orc high priests (Orc:2)
  17 deep elf knights
  A skeletal warrior (D:11)
  A sea snake (Elf:1)
  A spriggan druid (Swamp:1)
  A bog body (Swamp:1)
  A swamp dragon (Lair:6)
  Pikel (D:5)
  2 lindwurms
  3 deep elf archers
  4 orc knights (Orc:2)
  37 deep elf magi
  4 orc sorcerers
  2 ugly things
  2 oklob plants
  3 cyclopes
  A manticore (D:11)
  2 black mambas
  8 elephants
  A torpor snail (Lair:6)
  3 ice statues
  Psyche (D:9)
  5 rime drakes
  A gargoyle (D:10)
  2 kobold demonologists
  23 cane toads
  2 efreet
  A yaktaur (shapeshifter) (D:12)
  12 komodo dragons
  2 freezing wraiths
  3 meliai
  A hornet (D:6)
  A queen bee (Elf:1)
  8 trolls
  13 polar bears
  3 tyrant leeches
  Prince Ribbit (D:8)
  29 blink frogs
  A raiju (Lair:6)
  3 slime creatures (D:13)
  A meliai zombie (D:12)
  4 dream sheep (Lair:6)
  6 water elementals
  Sigmund (D:4)
  9 wraiths
  3 shadows
  5 wyverns
  5 hogs (Lair:5)
  An air elemental (Elf:1)
  A vampire (D:11)
  6 fire elementals
  48 yaks
  8 basilisks
  11 vampire mosquitoes
  9 wargs
  7 acid dragons
  2 nagas
  5 swamp worms
  A soldier ant (Orc:2)
  21 water moccasins
  Duvessa (D:4)
  15 hell hounds
  2 swamp drakes (Lair:6)
  25 orc warriors
  9 ice beasts
  14 black bears
  A phantom (D:6)
  4 sky beasts
  An eye of draining (D:9)
  A necrophage (D:9)
  15 centaurs
  11 wolves (Lair:6)
  11 ogres
  A lemure (D:5)
  A big kobold (shapeshifter) (Elf:1)
  A big kobold (D:7)
  5 earth elementals
  20 bullfrogs
  A wyvern zombie (D:8)
  Dowan (D:4)
  A water moccasin skeleton (D:8)
  6 killer bees
  5 scorpions
  16 wights
  An electric eel (Lair:6)
  2 howler monkeys
  3 bullfrog zombies
  5 jellies
  2 quasits
  5 centaur skeletons
  4 gnoll shamans
  8 hounds
  23 orc priests
  A bullfrog skeleton (D:10)
  28 orc wizards
  7 iguanas
  12 worker ants
  A centaur simulacrum (D:8)
  A hound skeleton (D:5)
  45 gnolls
  A howler monkey skeleton (D:6)
  17 adders
  A shadow imp (D:8)
  6 white imps
  A worker ant simulacrum (D:8)
  7 ufetubi
  An ooze (D:4)
  2 worms
  A dart slug (Orc:2)
  8 leopard geckos
  87 orcs
  8 bats
  8 giant cockroaches
  8 goblins
  9 hobgoblins
  34 jackals
  19 kobolds
  7 quokkas
  7 frilled lizards
  A jackal zombie (D:9)
  A quokka skeleton (D:4)
  10 rats
  2 crawling corpses (Elf:3)
1009 creatures vanquished.

Vanquished Creatures (collateral kills)
  A deep elf demonologist (Elf:3)
  An orc high priest (Orc:2)
  An ugly thing (IceCv)
  2 ice beasts (IceCv)
5 creatures vanquished.

Vanquished Creatures (others)
  A deep elf knight (Elf:1)
  A deep elf mage (Elf:1)
  74 fungi
  143 plants
219 creatures vanquished.

Grand Total: 1233 creatures vanquished

Notes
Turn   | Place    | Note
-------+----------+-------------------------------------------
     0 | D:1      | Gauvater the Formicid Fighter began the quest for the Orb.
     0 | D:1      | Reached XP level 1. HP: 18/18 MP: 1/1
    96 | D:1      | Reached XP level 2. HP: 24/24 MP: 2/2
   619 | D:2      | Reached XP level 3. HP: 28/29 MP: 3/3
  1048 | D:2      | Reached XP level 4. HP: 25/37 MP: 4/4
  1073 | D:2      | Reached skill level 4 in Fighting
  1382 | D:2      | Found a sparkling altar of Nemelex Xobeh.
  1647 | D:3      | Reached XP level 5. HP: 42/42 MP: 5/5
  1876 | D:3      | Found a shimmering blue altar of Sif Muna.
  2046 | D:3      | Found a shimmering altar of Xom.
  2083 | D:3      | Reached XP level 6. HP: 49/49 MP: 6/6
  2715 | D:4      | Noticed Duvessa
  2715 | D:4      | Noticed Dowan
  2983 | D:3      | Reached skill level 1 in Dodging
  3003 | D:3      | Reached skill level 5 in Shields
  3056 | D:4      | Reached XP level 7. HP: 46/55 MP: 7/7
  3117 | D:4      | Reached skill level 5 in Fighting
  3236 | D:4      | Found Qyni's Book Emporium.
  3492 | D:4      | Found an iron altar of Okawaru.
  3546 | D:4      | Killed Duvessa
  3548 | D:4      | Killed Dowan
  3549 | D:4      | Reached skill level 5 in Axes
  3549 | D:4      | Reached XP level 8. HP: 48/63 MP: 8/8
  3663 | D:4      | Noticed Sigmund
  3679 | D:4      | Killed Sigmund
  3936 | D:5      | Entered Level 5 of the Dungeon
  3995 | D:5      | Reached skill level 5 in Armour
  4017 | D:5      | Reached skill level 6 in Fighting
  4143 | D:5      | Found an ancient bone altar of Kikubaaqudgha.
  4184 | D:5      | Found a staircase to the Ecumenical Temple.
  4319 | D:5      | Noticed Pikel
  4336 | D:5      | Killed Pikel
  4337 | D:5      | Reached skill level 1 in Stealth
  4337 | D:5      | Reached XP level 9. HP: 52/71 MP: 9/9
  4518 | D:5      | Reached skill level 7 in Fighting
  4794 | D:6      | Found an opulent altar of Gozag.
  4795 | D:6      | Found a glowing silver altar of Zin.
  5017 | D:6      | Noticed a hornet
  5022 | D:6      | Killed a hornet
  5136 | D:6      | Found a burning altar of Makhleb.
  5162 | D:6      | Found a transporter.
  5192 | D:6      | Noticed mokwee's ghost (novice MiFi)
  5237 | D:6      | Reached XP level 10. HP: 70/79 MP: 10/10
  5394 | Temple   | Entered the Ecumenical Temple
  5573 | D:2      | Became a worshipper of Nemelex Xobeh the Trickster
  5801 | D:3      | Reached skill level 1 in Invocations
  5855 | D:3      | Reached skill level 1 in Throwing
  5934 | D:3      | You fall into a shaft and drop 2 floors!
  6403 | D:6      | Found a transporter.
  6521 | D:6      | Found a stormy altar of Qazlal.
  6548 | D:7      | Found a burning altar of Makhleb.
  7039 | D:7      | Reached skill level 8 in Fighting
  7158 | D:7      | Reached * piety under Nemelex Xobeh
  7915 | D:8      | Noticed a two-headed ogre
  9415 | D:8      | Noticed Prince Ribbit
  9416 | D:8      | Noticed a komodo dragon
  9712 | D:8      | Reached XP level 11. HP: 85/87 MP: 14/14
  9799 | D:8      | Killed a two-headed ogre
  9815 | D:8      | Reached skill level 5 in Invocations
 10014 | D:8      | Killed Prince Ribbit
 10015 | D:8      | Reached skill level 9 in Fighting
 10171 | D:8      | Got a pair of jewelled gloves
 10177 | D:8      | Identified the +2 pair of gloves of Aqoily {Will++ Regen+}
                  | (You found it on level 8 of the Dungeon)
 10199 | D:8      | Found Reopuomi's Gadget Emporium.
 10251 | D:8      | Found a staircase to the Lair.
 10323 | D:8      | Received a gift from Nemelex Xobeh
 10404 | D:8      | Found a broken altar of Ashenzari.
 10736 | Lair:1   | Entered Level 1 of the Lair of Beasts
 10812 | D:9      | Noticed Psyche
 10953 | D:9      | Reached skill level 10 in Axes
 10966 | D:9      | Reached ** piety under Nemelex Xobeh
 11019 | D:9      | Found Kyohasto's Weapon Emporium.
 11118 | D:9      | Found a white marble altar of Elyvilon.
 11166 | D:9      | Noticed a two-headed ogre
 11175 | D:9      | Killed a two-headed ogre
 11222 | D:9      | Found a sacrificial altar of Ru.
 11427 | D:9      | Killed Psyche
 11465 | D:9      | Noticed Erica
 11477 | D:9      | Killed Erica
 11629 | D:9      | Identified a scroll of acquirement
 11633 | D:9      | Acquired a manual of Spellcasting
 11708 | D:10     | Entered Level 10 of the Dungeon
 11708 | D:10     | Noticed Snorg
 11708 | D:10     | Noticed a two-headed ogre
 11724 | D:9      | Killed a two-headed ogre
 11725 | D:9      | Reached skill level 1 in Spellcasting
 11725 | D:9      | Reached XP level 12. HP: 70/96 MP: 15/17
 11979 | D:10     | Found a staircase to the Orcish Mines.
 12324 | D:10     | Reached skill level 10 in Fighting
 12337 | D:10     | Killed Snorg
 12658 | Orc:1    | Entered Level 1 of the Orcish Mines
 12658 | Orc:1    | Found Estridig's Assorted Antiques.
 12968 | Orc:1    | Bought a viscous pink potion for 30 gold pieces
 12968 | Orc:1    | Bought a fuming purple potion for 30 gold pieces
 12968 | Orc:1    | Bought a smoky amethyst potion for 30 gold pieces
 12968 | Orc:1    | Bought a scroll labelled XIOJAR HIPSU for 34 gold pieces
 12968 | Orc:1    | Bought 2 potions of might for 272 gold pieces
 13091 | Orc:1    | Received a gift from Nemelex Xobeh
 13581 | Orc:2    | Entered Level 2 of the Orcish Mines
 13581 | Orc:2    | Found a staircase to the Elven Halls.
 13604 | Orc:2    | Noticed an orc warlord
 13727 | Orc:1    | Reached *** piety under Nemelex Xobeh
 14109 | Lair:1   | Reached skill level 5 in Spellcasting
 14203 | Lair:1   | Reached XP level 13. HP: 105/105 MP: 20/20
 14204 | Lair:1   | Reached skill level 11 in Fighting
 14529 | Lair:1   | Noticed a six-headed hydra
 14544 | Lair:1   | Killed a one-headed hydra
 14831 | Lair:1   | Reached skill level 5 in Throwing
 14881 | Lair:1   | Reached skill level 1 in Long Blades
 15021 | Lair:1   | Received a gift from Nemelex Xobeh
 15023 | Lair:1   | Noticed a seven-headed hydra
 15051 | Lair:1   | Killed a five-headed hydra
 15154 | Lair:1   | Noticed a six-headed hydra
 15411 | D:11     | Noticed an ice dragon
 15411 | D:11     | a death knight changed into an ice dragon
 15414 | D:11     | Found a flickering gateway to a bazaar.
 15425 | Bazaar   | Entered a bazaar
 15446 | Bazaar   | Found Fuyphen's Weapon Shoppe.
 15473 | Bazaar   | Found Qiepruh's General Store.
 15473 | Bazaar   | Found Tetua's Antique Weapon Emporium.
 15491 | Bazaar   | Found Zoniogeu's Gadget Shoppe.
 15491 | Bazaar   | Found Lutwesuu's Antique Armour Emporium.
 15551 | Bazaar   | Bought a scroll of enchant armour for 105 gold pieces
 15551 | Bazaar   | Bought a scroll of enchant armour for 105 gold pieces
 15601 | Bazaar   | Bought a box of beasts for 360 gold pieces
 16042 | Orc:2    | Reached skill level 12 in Fighting
 16253 | Orc:2    | Killed an orc warlord
 16890 | Orc:2    | Reached XP level 14. HP: 99/116 MP: 25/25
 16964 | Orc:2    | Found Ezesk's Weapon Shop.
 17120 | Orc:2    | Found Memuzut's Assorted Antiques.
 17126 | Orc:2    | Bought a scroll of remove curse for 63 gold pieces
 17149 | Orc:2    | Found Qimetryt's Antique Armour Shoppe.
 17151 | Orc:2    | Found Idenad's Assorted Antiques.
 17157 | Orc:2    | Bought a jewelled kite shield for 332 gold pieces
 17167 | Orc:2    | Identified the +5 kite shield of Ru's Wrath {rPois Will+
                  | Int+4} (You bought it in a shop on level 2 of the Orcish
                  | Mines)
 17388 | Orc:2    | Found Biegeum's Armour Shop.
 17877 | Lair:1   | Received a gift from Nemelex Xobeh
 18170 | Lair:2   | Reached **** piety under Nemelex Xobeh
 18712 | Lair:2   | Received a gift from Nemelex Xobeh
 19486 | Lair:3   | Reached skill level 5 in Dodging
 19629 | Lair:3   | Got a clouded platinum ring
 19832 | Lair:3   | Found a blossoming altar of Fedhas.
 20257 | Lair:3   | Identified the ring "Meyf" {rN+ rCorr} (You found it on
                  | level 3 of the Lair of Beasts)
 20340 | Lair:3   | Found a staircase to the Swamp.
 20615 | Lair:4   | Reached ***** piety under Nemelex Xobeh
 20642 | Lair:4   | Found a transporter.
 20650 | Lair:4   | Noticed dracos369's ghost (journeyman OgCK)
 20651 | Lair:4   | Found a transporter.
 20927 | Lair:4   | Found a hole to the Spider Nest.
 21559 | Lair:5   | Received a gift from Nemelex Xobeh
 21579 | Lair:5   | Noticed Kirke
 21616 | Lair:5   | Killed Kirke
 21617 | Lair:5   | Reached XP level 15. HP: 122/122 MP: 25/27
 21875 | Lair:5   | Got an ancient war axe
 21875 | Lair:5   | Identified the +6 war axe of Exquisite Torment {freeze,
                  | rF++ Int+5 Stlth-} (You found it on level 5 of the Lair of
                  | Beasts)
 22075 | Lair:5   | Noticed Josephine
 22091 | Lair:5   | Killed Josephine
 22108 | Lair:5   | Reached skill level 1 in Hexes
 22167 | Lair:5   | Received a gift from Nemelex Xobeh
 22227 | Lair:5   | Found a runed translucent gate.
 22227 | Lair:5   | Found a runed translucent gate.
 22227 | Lair:5   | Found a runed translucent gate.
 22228 | Lair:5   | Noticed kalagan's ghost (journeyman GrEE)
 22538 | Lair:6   | Entered Level 6 of the Lair of Beasts
 22842 | Lair:5   | Reached skill level 13 in Fighting
 23456 | Lair:6   | Received a gift from Nemelex Xobeh
 23467 | Lair:6   | Found a staircase to the Slime Pits.
 23573 | Lair:6   | Reached skill level 5 in Hexes
 24388 | Lair:6   | Received a gift from Nemelex Xobeh
 24565 | Lair:6   | Reached skill level 1 in Polearms
 24879 | Lair:6   | Reached XP level 16. HP: 101/132 MP: 29/29
 24964 | Lair:6   | Learned a level 3 spell: Tukima's Dance
 25349 | D:8      | Reached skill level 14 in Fighting
 25349 | D:8      | Reached skill level 10 in Spellcasting
 25957 | D:11     | Received a gift from Nemelex Xobeh
 26133 | D:11     | Reached ****** piety under Nemelex Xobeh
 26302 | D:11     | Received a gift from Nemelex Xobeh
 26340 | D:11     | Learned a level 2 spell: Ensorcelled Hibernation
 26969 | D:12     | Reached skill level 10 in Armour
 27512 | D:13     | Received a gift from Nemelex Xobeh
 27524 | D:13     | Noticed Azrael
 27814 | D:12     | Reached skill level 15 in Fighting
 27849 | D:13     | Killed Azrael
 27980 | D:13     | Identified the ring "Tufiguicea" {Ice *Drain rElec Str+2
                  | Dex+5} (You found it on level 13 of the Dungeon)
 28242 | D:14     | Found a frozen archway.
 28271 | IceCv    | Entered an ice cave
 28271 | IceCv    | Received a gift from Nemelex Xobeh
 28273 | IceCv    | Identified the -1 trident "Huqiovvu" {vorpal, rN+}
 28284 | IceCv    | Found a transporter.
 28383 | IceCv    | Found a transporter.
 28916 | Orc:2    | Bought a scroll of enchant weapon for 232 gold pieces
 28919 | Orc:2    | Bought a glowing tower shield for 262 gold pieces
 28919 | Orc:2    | Bought a runed cloak for 262 gold pieces
 28962 | Orc:2    | Bought a pair of glowing boots for 262 gold pieces
 28991 | Elf:1    | Entered Level 1 of the Elven Halls
 29336 | Elf:1    | Received a gift from Nemelex Xobeh
 29362 | Elf:1    | Found Xecriphir's Antique Armour Shop.
 29556 | Elf:1    | Reached XP level 17. HP: 142/142 MP: 31/31
 29717 | Elf:1    | Reached skill level 10 in Dodging
 29915 | Elf:1    | Reached skill level 16 in Fighting
 30280 | Elf:1    | Identified the cursed ring of Temperance {Dex-4 Slay+3}
 30490 | Elf:2    | Received a gift from Nemelex Xobeh
 30721 | Elf:2    | Reached skill level 17 in Fighting
 30805 | Elf:2    | Found Nounn's Book Shop.
 30945 | Elf:2    | Received a gift from Nemelex Xobeh
 30973 | Elf:2    | Found a runed translucent gate.
 30973 | Elf:2    | Found a runed translucent gate.
 30973 | Elf:2    | Found a runed translucent gate.
 31686 | Elf:2    | Reached skill level 18 in Fighting
 31766 | Elf:2    | Reached XP level 18. HP: 157/157 MP: 21/32
 32025 | Elf:3    | Entered Level 3 of the Elven Halls
 32127 | Elf:3    | Received a gift from Nemelex Xobeh
 32159 | Elf:3    | Found Fugehull's Gadget Emporium.
 32375 | Elf:3    | Noticed a deep elf master archer
 32377 | Elf:3    | a deep elf master archer changed into a frost giant
 32437 | Elf:3    | Reached skill level 15 in Axes
 32438 | Elf:3    | Identified the cursed +1 morningstar "Tamuh" {venom, Dex+4}
 32534 | Elf:3    | Noticed a deep elf master archer
 32537 | Elf:3    | Noticed a Brimstone Fiend
 32568 | Elf:3    | Killed a deep elf master archer
 32569 | Elf:3    | Noticed a deep elf blademaster
 32574 | Elf:3    | Killed a deep elf blademaster
 33251 | Swamp:1  | Entered Level 1 of the Swamp
 33586 | Swamp:1  | Slain by a nine-headed hydra

Illustrated notes

Levels and vault maps discovered:
D:1:      saegor_arrival_simple_c, layout_basic
D:2:      layout_basic, lemuel_coloured_pillars_altar
D:3:      lemuel_castle_with_subvaults [lemuel_castle_interior_carwin_2],
          layout_loops_cross, brannock_xom_greatest_gift, led_sif_pool
D:4:      layout_loops_ring, marbit_many_paths, serial_shops,
          nicolae_shop_temple_entry_statues_fountains, uniq_sigmund,
          uniq_duvessa
D:5:      layout_gridville, kiku_gazebo_pond_becter,
          minmay_temple_entry_statues, uniq_pikel
D:6:      layout_cave_pools, grunt_temple_overflow_gold_and_silver,
          nicolae_overflow_hidden_temple, gammafunk_ghost_stat_death,
          kennysheep_big_empty_room, grunt_ministairs_4,
          kennysheep_generic_room_13
D:7:      layout_basic, basic_altar
D:8:      layout_basic, ashenzari_conservatory_becter,
          due_lair_maze_entry_diamond, serial_shops, shop, serial_ice,
          serial_ice_o, serial_ice_n, serial_ice_b, serial_ice_e,
          uniq_prince_ribbit1
D:9:      layout_roguey, nicolae_ru_path_of_blood, elyvilon_altar_3,
          serial_shops, kennysheep_mini, hangedman_abyss_or_decor_passed,
          uniq_erica, uniq_psyche
D:10:     layout_roguey, erik_orc_3, uniq_snorg
D:11:     layout_loops_ring, serial_shops, bzr_entry_gold,
          chequers_serial_rivers_small_3
D:12:     minmay_separated_statues, layout_rooms
D:13:     layout_cross, gauntlet_entry_generic, uniq_azrael
D:14:     kennysheep_windowed_halls, layout_loops_ring,
          grunt_vaults_entry_tiered, portal_ice_cave_rime
Temple:   jpeg_temple_island
Lair:1:   layout_small_grid, infiniplex_staircase_pool_2, grunt_megastairs_1,
          serial_bayou_shore_a
Lair:2:   layout_small_grid, beast_lair_carwin_10, grunt_megastairs_4,
          minmay_lair_oklob_chamber
Lair:3:   layout_roguey, minmay_swamp_entry_worms, tgw_fedhas
Lair:4:   layout_regular_city, dummy_spider_entry, gammafunk_ghost_arena,
          serial_bayou_shore_b
Lair:5:   layout_cave_pods, ebering_ghost_rock_garden, uniq_josephine,
          uniq_kirke
Lair:6:   hangedman_lair_caniforms_friends, layout_regular_city,
          guppyfry_lair_end_dragon, slime_dummy, gammafunk_lair_bear_cave,
          grunt_megastairs_2
Swamp:1:  layout_falls_marsh, hangedman_swamp_ruin_hall,
          infiniplex_staircase_pool
Orc:1:    layout_diamond_mine, serial_shops, nicolae_shop_waterfront
Orc:2:    st_orc_elflike, layout_caves, serial_shops, nicolae_shop_statue_plus
Elf:1:    eino_elf_arrival_the_gate, layout_loops_corners, serial_shops,
          nicolae_shop_crystal, evilmike_minifort, dk_noncrumbling_4
Elf:2:    layout_geoelf_octagon, serial_shops, shop, nicolae_elf_v_pinch
Elf:3:    grunt_elf_hall_branching, layout_loops_cross, serial_shops, shop

Skill      XL: |  1  2  3  4  5  6  7  8  9 10 11 12 13 14 15 16 17 18 |
---------------+-------------------------------------------------------+-----
Shields        | 4 5 6 7 8 9 |  9.6
Fighting       | 4 5 6 7 8 9 10 12 13 15 18 | 18.5
Axes           | 3 4 5 7 8 9 11 12 13 14 15 | 15.4
Armour         | 4 5 6 7 8 10 | 10.5
Dodging        | 1 2 8 9 10 | 10.7
Stealth        | 1 2 |  2.1
Invocations    | 4 6 7 9 |  9.5
Throwing       | 1 3 4 6 |  6.6
Spellcasting   | 1 5 7 8 9 10 | 10.4
Long Blades    | 1 |  1.3
Hexes          | 7 8 |  8.6
Polearms       | 2 3 |  3.3
Maces & Flails | |  0.9
Bows           | |  0.3
Evocations     | |  0.1

Action                   |  1- 3 |  4- 6 |  7- 9 | 10-12 | 13-15 | 16-18 || total
-------------------------+-------+-------+-------+-------+-------+-------++-------
Melee: War axe           |   120 |   182 |   289 |   859 |  1230 |   922 ||  3602
       Flail             |       |    22 |       |       |    25 |    14 ||    61
       Mace              |       |       |       |     6 |    36 |    71 ||   113
       Scimitar          |       |       |       |       |    10 |       ||    10
       Trident           |       |       |       |       |    27 |       ||    27
       Great mace        |       |       |       |       |       |    16 ||    16
       Dagger            |       |       |       |       |       |    14 ||    14
       Dire flail        |       |       |       |       |       |    11 ||    11
 Fire: Shortbow          |       |       |       |       |     8 |     7 ||    15
Throw: Boomerang         |     3 |     7 |       |    90 |   110 |   285 ||   495
       Throwing net      |       |       |     2 |     4 |     1 |       ||     7
       Dart              |       |       |       |    17 |       |       ||    17
       Javelin           |       |       |       |       |       |     2 ||     2
Invok: Draw Destruction  |       |       |       |     9 |    16 |    36 ||    61
       Draw Summoning    |       |       |       |       |     3 |     4 ||     7
       Draw Escape       |       |       |       |       |     5 |     8 ||    13
       Deal Four         |       |       |       |       |       |     6 ||     6
 Abil: Dig               |       |       |       |     6 |    12 |     3 ||    21
Evoke: Wand              |       |       |       |     3 |    10 |     1 ||    14
       Box of beasts     |       |       |       |       |     1 |       ||     1
       Phial of floods   |       |       |       |       |       |     1 ||     1
  Use: Scroll            |       |       |    11 |    12 |     8 |    15 ||    46
       Potion            |       |       |       |     6 |     6 |     2 ||    14
 Stab: Held in net/web   |       |       |     1 |     1 |       |       ||     2
       Invisible         |       |       |       |       |     1 |       ||     1
       Sleeping          |       |       |       |       |     1 |       ||     1
       Paralysed         |       |       |       |       |     2 |       ||     2
       Petrified         |       |       |       |       |       |     6 ||     6
       Distracted        |       |       |       |       |       |     1 ||     1
Armor: Scale mail        |    56 |    69 |       |       |       |       ||   125
       Chain mail        |       |    21 |   121 |   182 |       |       ||   324
       Ring mail         |       |       |       |    91 |    54 |       ||   145
       Skin              |       |       |       |     1 |       |       ||     1
       Plate armour      |       |       |       |       |   366 |   430 ||   796
Dodge: Dodged            |    51 |    84 |    62 |   340 |   486 |   321 ||  1344
Block: Kite shield       |    88 |   166 |   196 |   816 |  1202 |   506 ||  2974
       Tower shield      |       |       |       |       |       |   371 ||   371
       Reflection        |       |       |       |       |       |    34 ||    34
       Rpst.: Scimitar   |       |       |       |       |     1 |       ||     1
